 Dungeon Crawl Stone Soup version 0.28.0-53-g5a82cb258f (webtiles) character file.

Game seed: 8558242732992774412

3213 Legadrian the Protected (level 9, -24/85 HPs)
             Began as a Minotaur Fighter on July 3, 2022.
             Was a Follower of Trog.
             Annihilated by a boulder beetle (62 damage)
             ... on level 8 of the Dungeon.
             The game lasted 00:25:38 (7389 turns).

Legadrian the Protected (Minotaur Fighter)          Turns: 7389, Time: 00:25:39

Health: -24/85     AC:  8    Str: 26    XL:     9   Next: 65%
Magic:  8/8        EV:  8    Int:  5    God:    Trog [*.....]
Gold:   417        SH:  4    Dex:  9    Spells: 8/8 levels left

rFire   . . .      SeeInvis .   C - +4 flail (vorpal)
rCold   . . .      Faith    .   c - +0 buckler
rNeg    . . .      Spirit   .   s - +0 chain mail
rPois   .          Reflect  .   (helmet restricted)
rElec   .          Harm     +   f - scarf {harm}
rCorr   .          Rampage  .   (no gloves)
Will    +....                   (no boots)
Stlth   ..........              u - amulet of regeneration
HPRegen 1.04/turn               t - ring of willpower
MPRegen 0.11/turn               (no ring)

@: corroded
A: horns 2, retaliatory headbutt
a: Renounce Religion, Berserk


You were on level 8 of the Dungeon.
You worshipped Trog.
Trog was aware of your devotion.
You visited 2 branches of the dungeon, and saw 9 of its levels.
You also visited: Ossuary.

You collected 417 gold pieces.

Inventory:

Hand Weapons
 a - a +1 flail
 i - a +0 arbalest
 k - a +0 dagger of distortion
 v - a +3 long sword of holy wrath
 C - a +4 vorpal flail (weapon)
 K - a +3 battleaxe
Missiles
 g - 3 throwing nets
 m - 19 poisoned darts (quivered)
 r - 9 boomerangs
 L - a curare-tipped dart
Armour
 b - a +0 scale mail
 c - a +0 buckler (worn)
 f - a scarf of harm (worn)
 q - an orb of guile
 s - a +0 chain mail (worn)
Jewellery
 t - a ring of willpower (left hand)
 u - an amulet of regeneration (around neck)
Wands
 o - a wand of polymorph (3)
 F - a wand of iceblast (15)
Scrolls
 h - 7 scrolls of noise
 j - a scroll of blinking
 n - 3 scrolls of teleportation
 p - a scroll of torment
 x - 2 scrolls of vulnerability
 y - a scroll of summoning
 I - a scroll of brand weapon {unknown}
 J - 2 scrolls of magic mapping
 M - a scroll of immolation {unknown}
Potions
 d - a potion of haste {unknown}
 e - 8 potions of degeneration
 l - 6 potions of heal wounds
 w - a potion of brilliance {unknown}
 z - a potion of flight {unknown}
 A - a potion of berserk rage {unknown}
 B - a potion of curing {unknown}
 D - a potion of mutation {unknown}
 E - 2 potions of cancellation
 G - a potion of ambrosia {unknown}
 H - a potion of magic {unknown}


   Skills:
 - Level 10.0 Fighting
 + Level 8.7 Maces & Flails
 - Level 11.1 Armour
 - Level 3.6 Shields


You had 8 spell levels left.
You didn't know any spells.
Your spell library contained the following spells:

 Spells                   Type           Power      Damage    Failure   Level
 Apportation              Tloc           0%         N/A       97%         1
 Blink                    Tloc           0%         N/A       99%         2
 Sublimation of Blood     Necr           0%         N/A       99%         2
 Wereblood                Tmut           0%         N/A       99%         2
 Gell's Gravitas          Tloc           0%         N/A       100%        3
 Teleport Other           Tloc           0%         N/A       100%        3
 Alistair's Intoxication  Tmut/Pois      0%         N/A       100%        5
 Manifold Assault         Tloc           0%         N/A       100%        5
 Dispersal                Tloc           0%         N/A       100%        6
 Storm Form               Tmut/Air       0%         N/A       100%        7
 Summon Hydra             Summ           0%         N/A       100%        7


Dungeon Overview and Level Annotations

Branches:
Dungeon (8/15)             Temple (1/1) D:5         Ossuary (visited)
   Lair: D:8-11

Altars:
Gozag
Hepliaklqana
Ru
Trog
Wu Jian

Shops:
D:1 [   D:6 [   D:8 [


Innate Abilities, Weirdness & Mutations

You have a pair of horns on your head.
You reflexively headbutt those who attack you in melee.


Message History

You see here a potion of heal wounds.
You hit the orc.
The orc is almost dead.
You block the orc's attack.
You hit the orc.
You kill the orc!
Trog accepts your kill.
Items here: )) [[ †.
l - 6 potions of heal wounds (gained 1)
Items here: )) [[ †.
An orc wizard comes into view. It is wielding a +0 dagger.
The orc wizard shouts!
The orc wizard gestures at you while chanting.
The magic dart hits you. The orc wizard barely misses you.
You hit the orc wizard. You headbutt the orc wizard!
You kill the orc wizard!
Trog accepts your kill.
Trog appreciates your killing of a magic user.
Things that are here:
a +0 dagger; a +0 robe HP restored.
N - a scroll of identify
As you read the scroll of identify, it crumbles to dust.
p - a scroll of torment
Found a scale mail.
Found Emapoen's Antique Armour Shoppe.
A boulder beetle comes into view.
The boulder beetle curls into a ball and begins rolling!
An acid dragon comes into view.
Found 6 atropa-tipped darts.
The acid dragon roars!
The acid dragon spits acid at you. The splash of acid hits you!!
The acid corrodes you! The boulder beetle hits you!!
The boulder beetle stops rolling and uncurls.
You see here a wand of iceblast (8).
The boulder beetle curls into a ball and begins rolling!
The boulder beetle hits you!!!
Ouch! That really hurt!
You die...

#.. #. #...#.
#...#.#### .........#
......... #######
..(D....#+......#
......°/..# .#
......#°B.#####.###
.........@#.......#
#########.........###
#### ###[........#
#... #.........# #.##
####......# #.#
#......# #.#
##########......# #.#
#...............# #.#
#.########......# #.#


You could see a boulder beetle (rolling) and an acid dragon.

Vanquished Creatures
  A cyclops (D:6)
  Sigmund (D:4)
  A steam dragon (D:6)
  An acid dragon (D:8)
  2 water moccasins (D:6)
  An ice beast (D:7)
  2 sky beasts
  3 ogres
  A centaur (D:6)
  2 kobold brigands (D:6)
  A gnoll sergeant (D:6)
  3 scorpions (D:5)
  A water moccasin skeleton (D:5)
  A killer bee (D:6)
  4 wights (D:7)
  A howler monkey (D:4)
  2 centaur zombies (Ossuary)
  A jelly (D:7)
  2 centaur skeletons
  3 bullfrog zombies
  3 orc priests
  3 hounds
  4 bullfrog skeletons
  A gnoll shaman (D:5)
  2 iguanas (D:7)
  4 orc wizards
  A killer bee zombie (D:5)
  4 mummies (Ossuary)
  A howler monkey skeleton (D:4)
  3 gnolls (D:6)
  7 adders
  A shadow imp (D:6)
  A white imp (D:5)
  2 dart slugs
  13 orcs
  8 endoplasms
  A giant cockroach (D:3)
  4 hobgoblins
  7 jackals (D:3)
  2 quokkas
  4 ball pythons
  7 bats
  3 frilled lizards
  A gnoll zombie (Ossuary)
  A goblin zombie (D:4)
  2 hobgoblin zombies (Ossuary)
  5 kobolds
  A kobold zombie (Ossuary)
  2 orc zombies (Ossuary)
  A quokka zombie (D:4)
  5 rats
138 creatures vanquished.

Vanquished Creatures (others)
  A fungus (D:2)
  3 plants (D:2)
4 creatures vanquished.

Grand Total: 142 creatures vanquished

Notes
Turn   | Place    | Note
-------+----------+-------------------------------------------
     0 | D:1      | Legadrian the Minotaur Fighter began the quest for the Orb.
     0 | D:1      | Reached XP level 1. HP: 19/19 MP: 0/0
   118 | D:1      | Found Pavilla's Armour Emporium.
   215 | D:1      | Reached XP level 2. HP: 28/28 MP: 1/1
   838 | D:2      | Found a faded altar of an unknown god.
   918 | D:2      | Reached skill level 5 in Fighting
   918 | D:2      | Reached XP level 3. HP: 31/36 MP: 2/2
  1500 | D:2      | Reached XP level 4. HP: 22/44 MP: 3/3
  2329 | D:3      | Reached XP level 5. HP: 46/52 MP: 4/4
  3816 | D:4      | Found a sand-covered staircase.
  3827 | Ossuary  | Entered an ossuary
  3858 | Ossuary  | Reached XP level 6. HP: 51/61 MP: 5/5
  4272 | D:4      | Noticed Sigmund
  4285 | D:4      | Killed Sigmund
  4286 | D:4      | Reached XP level 7. HP: 66/71 MP: 6/6
  4573 | D:5      | Entered Level 5 of the Dungeon
  4665 | D:5      | Reached skill level 10 in Fighting
  4749 | D:5      | Reached skill level 4 in Armour
  4838 | D:5      | Reached skill level 5 in Armour
  5027 | D:5      | Reached skill level 6 in Armour
  5065 | D:5      | Reached skill level 7 in Armour
  5065 | D:5      | Reached XP level 8. HP: 73/79 MP: 7/7
  5195 | D:5      | Found a staircase to the Ecumenical Temple.
  5202 | Temple   | Entered the Ecumenical Temple
  5233 | Temple   | Became a worshipper of Trog the Wrathful
  5403 | D:6      | Reached skill level 8 in Armour
  5420 | D:6      | Found Gefel's Antique Armour Emporium.
  5558 | D:6      | Noticed a cyclops
  5666 | D:7      | Reached skill level 9 in Armour
  5960 | D:7      | Reached skill level 10 in Armour
  6078 | D:7      | Found a hazy altar of Hepliaklqana.
  6432 | D:7      | Reached * piety under Trog
  6433 | D:7      | Reached skill level 11 in Armour
  6433 | D:7      | Reached XP level 9. HP: 45/85 MP: 8/8
  6751 | D:6      | Reached skill level 5 in Maces & Flails
  7082 | D:6      | Killed a cyclops
  7378 | D:8      | Found Emapoen's Antique Armour Shoppe.
  7382 | D:8      | Noticed a boulder beetle
  7389 | D:8      | Annihilated by a boulder beetle

Illustrated notes

Levels and vault maps discovered:
D:1:      amcnicky_arrival_abandoned_market, layout_basic, serial_shops, shop,
          serial_park_tiny_1, minivault_24
D:2:      layout_loops_cross, shapermc_ecumenical_altar_mp_urbaneastern
D:3:      layout_basic, hangedman_abyss_or_decor_lesser_grid
D:4:      layout_loops_corners, enter_ossuary_4, uniq_sigmund
D:5:      layout_gridville, temple_statues, kennysheep_generic_room_3
D:6:      minmay_opposing_rooms, layout_cave_pools, serial_shops, shop_statue,
          nrook_mini_backslash
D:7:      layout_loops_cross, worldfamousw_hep_ancestral_shrine
D:8:      layout_basic, serial_shops, nicolae_shop_stone,
          kennysheep_generic_room_5
Temple:   mainiacjoe_temple_hex_bubbles

Skill      XL: |  1  2  3  4  5  6  7  8  9 |
---------------+----------------------------+-----
Fighting       | 4 5 6 7 8 9 10 | 10.0
Armour         | 7 11 | 11.1
Maces & Flails | 8 |  8.7
Shields        | |  3.6

Action                   |  1- 3 |  4- 6 |  7- 9 || total
-------------------------+-------+-------+-------++-------
Melee: Flail             |    77 |    84 |   129 ||   290
       Headbutt          |     9 |    15 |    29 ||    53
       Long sword        |       |    32 |    19 ||    51
Throw: Dart              |       |       |     9 ||     9
Invok: Berserk           |       |       |     1 ||     1
  Use: Scroll            |     1 |     3 |    10 ||    14
       Potion            |       |     1 |       ||     1
Armor: Scale mail        |    38 |    38 |       ||    76
       Chain mail        |       |    24 |    80 ||   104
Dodge: Dodged            |    24 |    39 |    50 ||   113
Block: Buckler           |     4 |    23 |    27 ||    54
